 Dungeon Crawl Stone Soup version 0.24.1-14-gf8d2b509d9 (webtiles) character file.

Game seed: 3380316194406434636, levelgen mode: deterministic

62 Gruesph the Charlatan (level 3, -7/28 HPs)
             Began as a Demonspawn Artificer on May 18, 2020.
             Mangled by Sigmund
             ... wielding a cursed -1 scythe
              (8 damage)
             ... on level 2 of the Dungeon.
             The game lasted 00:05:46 (1860 turns).

Gruesph the Charlatan (Demonspawn Artificer)        Turns: 1860, Time: 00:05:46

Health: -7/28      AC:  5    Str: 13    XL:     3   Next: 85%
Magic:  5/5        EV: 11    Int: 12    God:
Gold:   88         SH:  0    Dex: 13    Spells: 2/2 levels left

rFire    . . .     SeeInvis .   a - +0 short sword
rCold    . . .     Gourm    .   (no shield)
rNeg     . . .     Faith    .   k - +0 ring mail
rPois    .         Spirit   .   (no helmet)
rElec    .         Reflect  .   (no cloak)
rCorr    .         Harm     .   (no gloves)
MR       .....                  (no boots)
Stlth    +.........             (no amulet)
HPRegen  0.09/turn              (no ring)
MPRegen  0.09/turn              (no ring)

@: confused
A: sturdy frame 1
a: no special abilities


You were on level 2 of the Dungeon.
You were not hungry.

You visited 1 branch of the dungeon, and saw 2 of its levels.

You collected 88 gold pieces.

Inventory:

Hand Weapons
 a - a +0 short sword (weapon)
Missiles
 g - 85 stones (quivered)
 q - 34 arrows
 r - 20 sling bullets
Armour
 k - a +0 ring mail (worn)
Jewellery
 o - an uncursed amulet of faith {unknown}
Wands
 c - a wand of flame (14)
 d - a wand of enslavement (14)
 e - a wand of random effects (15)
Scrolls
 h - a scroll of enchant armour {unknown}
 i - 2 scrolls of teleportation {unknown}
 j - a scroll of amnesia {unknown}
 l - a scroll of identify {unknown}
 m - a scroll of fear {unknown}
Potions
 b - a potion of magic {unknown}
 n - a potion of haste {unknown}
 p - 2 potions of mutation {unknown}
Comestibles
 f - 4 rations


   Skills:
 + Level 2.3 Fighting
 - Level 0.8 Short Blades
 - Level 1.7 Dodging
 - Level 2.0 Stealth
 + Level 3.7 Evocations


You had 2 spell levels left.
You didn't know any spells.
Your spell library was empty.

Dungeon Overview and Level Annotations

Branches:
Dungeon (2/15)

Altars:
Cheibriados
Uskayaw

Annotations:
D:2 Sigmund


Innate Abilities, Weirdness & Mutations

Your movements are slightly less encumbered by armour. (ER -2)


Message History

* * * LOW HITPOINT WARNING * * *
The bat hits you but does no damage. The bat closely misses you.
The bat misses you. The bat hits you but does no damage.
The bat hits you but does no damage. The bat hits you but does no damage.
The bat hits you but does no damage. The bat barely misses you.
You see here a cursed -1 dagger.
The bat closely misses you. Something hits you.
* * * LOW HITPOINT WARNING * * *
The bat closely misses you. The bat misses you.
Something hits you but does no damage. The bat closely misses you.
You hear some strange, mumbled words.
You are confused.
You're too confused to move!
The bat hits you.
* * * LOW HITPOINT WARNING * * *
Something hits you!
You die...

#####≈≈≈≈ #######.....≈≈≈
#... .......... #########
####.#####........
........#
#.......##........
#######.#
#.......#.........
#.########.......#.........
#.................>........
##########@......#..>s.....
#s.b....#.........
#..{....#.####.##.
#..#.####.# #.##.
#).#.####.####.##.
######..#...........#.@
.......)..............s
.###.#..####.##........
...#..# .# #######.


You could see a giant cockroach and a bat.

Vanquished Creatures
  An adder (D:2)
  A worm (D:2)
  3 dart slugs
  2 bats (D:1)
  2 giant cockroaches
  6 goblins
  3 hobgoblins (D:1)
  A jackal (D:1)
  5 kobolds
  5 rats (D:1)
29 creatures vanquished.

Vanquished Creatures (collateral kills)
  Jessica (D:2)
1 creature vanquished.

Grand Total: 30 creatures vanquished

Notes
Turn   | Place    | Note
-------+----------+-------------------------------------------
     0 | D:1      | Gruesph the Demonspawn Artificer began the quest for the
                  | Orb.
     0 | D:1      | Reached XP level 1. HP: 15/15 MP: 3/3
    83 | D:1      | Reached skill level 1 in Stealth
   348 | D:1      | Gained mutation: Your movements are slightly less
                  | encumbered by armour. (ER -2) [demonic ancestry]
   348 | D:1      | Reached XP level 2. HP: 17/21 MP: 4/4
  1292 | D:2      | Reached XP level 3. HP: 25/27 MP: 5/5
  1781 | D:2      | Found a snail-covered altar of Cheibriados.
  1796 | D:2      | Found a hide-covered altar of Uskayaw.
  1815 | D:2      | Noticed Sigmund
  1819 | D:2      | Noticed Jessica
  1826 | D:2      | Killed Jessica
  1856 | D:2      | HP: 1/28 [something (4)]
  1860 | D:2      | Mangled by Sigmund

Levels and vault maps discovered:
D:1:      nicolae_arrival_washed_ashore, layout_loops_corners, serial_forest,
          infiniplex_forest_clump_curved, infiniplex_forest_fountain,
          infiniplex_forest_clump_double, infiniplex_forest_end_3,
          infiniplex_forest_zigzag_1, infiniplex_forest_clump_C,
          minmay_pentomino_w2
D:2:      layout_loops_ring, old_standard_altar, grunt_temple_overflow_open,
          kennysheep_slug_shrine, first_ration, uniq_sigmund, uniq_jessica,
          uniq_terence

Skill      XL: |  1  2  3 |
---------------+----------+-----
Stealth        | 1 2 |  2.0
Fighting       | 2 |  2.3
Short Blades   | |  0.8
Dodging        | |  1.7
Evocations     | |  3.7

Action                   || total
-------------------------++-------
Melee: Short sword       ||   121
Throw: Stone             ||     1
Evoke: Wand              ||     2
 Stab: Sleeping          ||     1
  Eat: Chunk             ||     3
Armor: Leather armour    ||    13
       Ring mail         ||    40
Dodge: Dodged            ||   109
